 Dungeon Crawl Stone Soup version 0.28.0-56-g4927b6849a (webtiles) character file.

Game seed: 16756459509544477290

551 cbfl8 the Chopper (level 7, 0/61 HPs)
             Began as a Minotaur Berserker on Jan 27, 2023.
             Was a Believer of Trog.
             Slain by Edmund
             ... wielding a +6 dire flail of protection
              (12 damage)
             ... on level 5 of the Dungeon.
             The game lasted 00:02:37 (4480 turns).

cbfl8 the Chopper (Minotaur Berserker)              Turns: 4480, Time: 00:02:37

Health: 0/61       AC: 11    Str: 21    XL:     7   Next: 7%
Magic:  6/6        EV:  7    Int:  4    God:    Trog [**....]
Gold:   117        SH:  0    Dex: 12    Spells: 6/6 levels left

rFire   . . .      SeeInvis .   a - +0 hand axe
rCold   . . .      Faith    .   (no shield)
rNeg    . . .      Spirit   .   l - +0 plate armour
rPois   .          Reflect  .   (helmet restricted)
rElec   .          Harm     .   (no cloak)
rCorr   .          Rampage  .   (no gloves)
Will    .....                   (no boots)
Stlth   ..........              (no amulet)
HPRegen 0.20/turn               (no ring)
MPRegen 0.10/turn               (no ring)

@: on berserk cooldown, slowed, very slow
A: horns 2, retaliatory headbutt
a: Renounce Religion, Berserk, Trog's Hand


You were on level 5 of the Dungeon.
You worshipped Trog.
Trog was pleased with you.
You visited 1 branch of the dungeon, and saw 5 of its levels.

You collected 117 gold pieces.

Inventory:

Hand Weapons
 a - a +0 hand axe (weapon)
Armour
 l - a +0 plate armour (worn)
Jewellery
 q - a ring of protection from cold
Scrolls
 b - 2 scrolls of identify {unknown}
 c - a scroll of fear {unknown}
 f - 3 scrolls of teleportation {unknown}
 i - a scroll of blinking {unknown}
 k - 2 scrolls of noise {unknown}
 m - a scroll of immolation {unknown}
 n - a scroll of fog {unknown}
 p - a scroll of holy word {unknown}
 r - a scroll of enchant armour {unknown}
Potions
 d - a potion of magic {unknown}
 e - a potion of heal wounds {unknown}
 g - 2 potions of brilliance {unknown}
 h - a potion of mutation {unknown}
 j - a potion of cancellation {unknown}
 o - a potion of might {unknown}


   Skills:
 + Level 5.4 Fighting
 + Level 6.3 Axes
 * Level 4.2 Armour
 * Level 3.7 Dodging
 + Level 1.5 Stealth
 * Level 1.6 Evocations


You had 6 spell levels left.
You didn't know any spells.
Your spell library was empty.

Dungeon Overview and Level Annotations

Branches:
Dungeon (5/15)             Temple (0/1) D:4

Altars:
Trog

Annotations:
D:5 1 transporter, Edmund


Innate Abilities, Weirdness & Mutations

You have a pair of horns on your head.
You reflexively headbutt those who attack you in melee.


Message History

Unknown command.
You feel a strong urge to attack something.
Unknown command.
You hit Edmund.
Edmund is lightly wounded.
Edmund hits you but does no damage.
Unknown command.
You slash Edmund!
Edmund is moderately wounded.
Unknown command.
You hit Edmund.
Edmund is moderately wounded.
Edmund hits you with a +6 dire flail of protection.
Unknown command.
You barely miss Edmund.
Edmund is moderately wounded.
Edmund hits you with a +6 dire flail of protection.
Unknown command.
You closely miss Edmund. Your headbutt misses Edmund.
Edmund is moderately wounded.
You are no longer berserk.
You are exhausted.
You feel yourself slow down.
Unknown command.
You hit Edmund but do no damage.
Edmund is moderately wounded.
Edmund hits you with a +6 dire flail of protection.
Edmund hits you with a +6 dire flail of protection!
Unknown command.
You barely miss Edmund.
Edmund is moderately wounded.
Edmund hits you but does no damage.
You hit Edmund. Your headbutt misses Edmund.
Edmund is heavily wounded.
Edmund hits you with a +6 dire flail of protection! x2
* * * LOW HITPOINT WARNING * * *
You closely miss Edmund. You headbutt Edmund, but do no damage.
Edmund is heavily wounded.
Edmund hits you with a +6 dire flail of protection!
You die...

####### #.....#
######.....##########
####...................#
........))....########)#
.#.#.#@#))....# #.#
.......@).#.### #.#
.#.#.#.#.##.# #..
.........##.# ###
.#.#.#.#.##.#
.........##.#
.#.#.#.#.##.# ####
.........##.# ....
#.#....### ####


You could see Edmund.

Vanquished Creatures
  Menkaure (D:5)
  A black bear (D:4)
  A scorpion (D:4)
  2 orc priests (D:5)
  An iguana (D:2)
  An orc wizard (D:5)
  3 gnolls (D:2)
  6 adders
  2 dart slugs (D:2)
  11 orcs
  3 bats (D:1)
  10 endoplasms
  4 giant cockroaches
  4 goblins
  6 hobgoblins
  2 jackals (D:1)
  4 quokkas
  7 ball pythons
  2 frilled lizards
  6 kobolds
  4 rats
81 creatures vanquished.

Notes
Turn   | Place    | Note
-------+----------+-------------------------------------------
     0 | D:1      | cbfl8 the Minotaur Berserker began the quest for the Orb.
     0 | D:1      | Reached XP level 1. HP: 19/19 MP: 0/0
   118 | D:1      | Reached XP level 2. HP: 25/27 MP: 1/1
   544 | D:1      | Reached skill level 4 in Axes
   932 | D:2      | Reached XP level 3. HP: 28/34 MP: 2/2
  1253 | D:2      | Reached ** piety under Trog
  1269 | D:2      | Reached XP level 4. HP: 34/41 MP: 3/3
  1651 | D:2      | Reached skill level 5 in Axes
  1653 | D:2      | Reached skill level 1 in Stealth
  2447 | D:3      | Reached skill level 5 in Fighting
  2447 | D:3      | Reached XP level 5. HP: 46/48 MP: 4/4
  2829 | D:3      | Found a faded altar of an unknown god.
  3052 | D:4      | Found a staircase to the Ecumenical Temple.
  3251 | D:4      | Noticed a black bear
  3258 | D:4      | Killed a black bear
  3259 | D:4      | Reached skill level 1 in Evocations
  3259 | D:4      | Reached XP level 6. HP: 56/56 MP: 5/5
  3501 | D:4      | Found a bloodstained altar of Trog.
  3540 | D:4      | Reached skill level 6 in Axes
  4024 | D:5      | Entered Level 5 of the Dungeon
  4024 | D:5      | Noticed Menkaure
  4028 | D:5      | Killed Menkaure
  4094 | D:5      | Found a transporter.
  4465 | D:5      | Noticed Edmund
  4467 | D:5      | Reached XP level 7. HP: 61/61 MP: 6/6
  4480 | D:5      | Slain by Edmund

Illustrated notes

Levels and vault maps discovered:
D:1:      lemuel_arrival_hallway, layout_loops_ring, minmay_misc_feat_alley
D:2:      layout_rooms, nicolae_concentric_dashed_squares_mild, hex_large
D:3:      layout_loops_corners, basic_ecumenical_altar
D:4:      layout_loops_ring, trog_book, temple_green
D:5:      gammafunk_wand_slinger, layout_loops_ring, serial_shops, shop,
          serial_glass, glass_columns_c, glass_columns_b, glass_columns_b,
          glass_columns_a, glass_columns_b, glass_columns_b, glass_columns_a,
          glass_columns_b, glass_columns_a, glass_columns_a,
          minmay_a_box_with_orc_wizards_in_it, uniq_blork_the_orc, uniq_edmund,
          uniq_menkaure

Skill      XL: |  1  2  3  4  5  6 |
---------------+-------------------+-----
Fighting       | 4 5 |  5.4
Axes           | 4 5 6 |  6.3
Stealth        | 1 |  1.5
Armour         | 3 4 |  4.2
Dodging        | 3 |  3.7
Evocations     | 1 |  1.6

Action                   |  1- 3 |  4- 6 |  7- 9 || total
-------------------------+-------+-------+-------++-------
Melee: Hand axe          |    61 |   107 |    12 ||   180
       Headbutt          |     9 |    17 |     2 ||    28
       Punch             |     1 |     1 |       ||     2
Invok: Berserk           |     1 |     4 |       ||     5
Armor: Animal skin       |     8 |     1 |       ||     9
       Plate armour      |       |    44 |     6 ||    50
Dodge: Dodged            |    45 |    40 |     1 ||    86
